 Dungeon Crawl Stone Soup version 0.30-a0-989-g0d87f670db (webtiles) character file.

Game seed: 5513134125122338957

2 jtron the Cudgeller (level 1, 0/11 (13) HPs)
             Began as a Demonspawn Wanderer on Apr 3, 2023.
             Frozen to death by an endoplasm (5 damage)
             ... on level 1 of the Dungeon.
             The game lasted 00:00:32 (12 turns).

jtron the Cudgeller (Demonspawn Wanderer)             Turns: 12, Time: 00:00:33

HP:   0/11 (13)     AC:  3    Str: 13    XL:     1   Next: 25%
MP:   1/2           EV: 12    Int: 14    God:
Gold: 0             SH:  0    Dex: 10    Spells: 1/2 levels left

rFire   . . .      SeeInvis .    a - +0 flail
rCold   . . .      Faith    .    (no shield)
rNeg    . . .      Spirit   .    d - +0 robe
rPois   .          Reflect  .    (no helmet)
rElec   .          Rampage  .    (no cloak)
rCorr   .                        b - +0 pair of gloves
Will    .....                    (no boots)
Stlth   +                        (no amulet)
HPRegen 0.21/turn                (no ring)
MPRegen 0.08/turn                (no ring)

@: heavily drained
A: no striking features
a: no special abilities


You were on level 1 of the Dungeon.
You visited 1 branch of the dungeon, and saw 1 of its levels.

Inventory:

Hand Weapons
 a - a +0 flail (weapon)
Armour
 b - a +0 pair of gloves (worn)
 d - a +0 robe (worn)
Scrolls
 c - a scroll of butterflies


   Skills:
 + Level 2.7 Maces & Flails
 + Level 1.0 Armour
 + Level 1.7 Dodging
 * Level 1.1 Spellcasting
 * Level 2.1 Necromancy
 + Level 1.0 Evocations


You had one spell level left.
You knew the following spells:

 Your Spells              Type           Power      Damage    Failure   Level
a - Kiss of Death         Conj/Necr      12%        2d6       17%         1

Your spell library contained the following spells:

 Spells                   Type           Power      Damage    Failure   Level
 Vampiric Draining        Necr           6%         2d6       32%         3


Dungeon Overview and Level Annotations

Branches:
Dungeon (1/15)

Altars:


Message History

Okay, then.
Okay, then.
Unknown command.
Okay, then.
You open the door.
A frilled lizard comes into view.
The frilled lizard hisses angrily.
An endoplasm comes into view.
Found a scroll labelled QUATHR JEABOUHO and a silvery potion.
A rat comes into view.
The endoplasm quivers.
A giant cockroach comes into view.
There is an open door here.
Found a leather armour.
Found 8 gold pieces.
The frilled lizard barely misses you.
Casting: Kiss of Death (safe; 17% risk of failure)
Confirm with . or Enter, or press ? or * to list all spells.
Aiming: Kiss of Death (safe; 17% risk of failure)
Press: ? - help, Shift-Dir - straight line, f - frilled lizard
Aim: a frilled lizard (100% to hit)
The negative energy hits the frilled lizard.
The frilled lizard is drained!
You kill the frilled lizard!
You feel drained.
You hit the endoplasm but do no damage. The endoplasm closely misses you.
You hit the endoplasm.
The endoplasm is lightly wounded.
The giant cockroach misses you. The endoplasm hits you.
The giant cockroach barely misses you.
You sock the giant cockroach!
You kill the giant cockroach!
The endoplasm hits you.
You hit the endoplasm.
The endoplasm is heavily wounded.
The endoplasm hits you but does no damage.
The endoplasm hits you. The rat closely misses you.
You barely miss the rat. The endoplasm freezes you.
You are frozen.
You die...

...............
................
.................
.................
........!........
.................
......†J...?.....
$[.....@r........
.................
#......##'##....
##.#...#...# .. #
#.###.8.###
#.#.......# .
#.8.<.8.# #.
#.......#
###.8.###


You could see an endoplasm and a rat.

Vanquished Creatures
  A giant cockroach (D:1)
  A frilled lizard (D:1)
2 creatures vanquished.

Notes
Turn   | Place    | Note
-------+----------+-------------------------------------------
     0 | D:1      | jtron the Demonspawn Wanderer began the quest for the Orb.
     0 | D:1      | jtron set off with the following items: a +0 flail, a +0
                  | pair of gloves, a scroll of butterflies, a +0 robe; and the
                  | following spell memorised: Kiss of Death; and the following
                  | spells available to memorise: Vampiric Draining.
     0 | D:1      | Reached XP level 1. HP: 13/13 MP: 2/2
    12 | D:1      | Frozen to death by an endoplasm

Illustrated notes

Levels and vault maps discovered:
D:1:      dpeg_arrival_simpleton_c, layout_rooms

Action                     || total
---------------------------++-------
  Melee: Flail             ||     5
   Cast: Kiss of Death     ||     1
 Armour: Robe              ||     1
  Dodge: Dodged            ||     5

Table legend: (Time is in decaauts)
 A = Elapsed time spent in this place.
 B = Non-inter-level travel time spent in this place.
 C = Inter-level travel time spent in this place.
 D = Time resting spent in this place.
 E = Time spent auto-exploring this place.
 F = Levels seen in this place.
 G = Mean time per level.
                   A        B        C        D        E       F      G
               +--------+--------+--------+--------+--------+-----+--------+
         Total |     13 |     13 |      0 |      0 |      3 |   1 |   13.0 |
       Dungeon |     13 |     13 |      0 |      0 |      3 |   1 |   13.0 |
               +--------+--------+--------+--------+--------+-----+--------+

Top non-repeatable levels by time:
     D:1: 13 daAuts
